[Event "Charlotte Spring IM-C 2023"]
[Site "Charlotte"]
[Date "2023.03.16"]
[Round "1.1"]
[White "Jayaraman, Roshan"]
[Black "Adamson, Robby"]
[Result "1-0"]
[ECO "E49"]
[WhiteElo "1907"]
[BlackElo "2265"]
[Annotator "TA"]
[PlyCount "57"]
[EventDate "2023.03.14"]
[EventType "tourn"]
[EventCountry "USA"]
[SourceTitle "playchess.com"]
[Source "ChessBase"]
[SourceQuality "1"]
[TimeControl "5400+30"]

1. d4 Nf6 2. c4 e6 3. Nc3 Bb4 4. e3 O-O 5. Bd3 d5 6. a3 Bxc3+ 7. bxc3 b6 8. cxd5 exd5 9. Ne2 Ba6 10. O-O Qc8 11. f3 Re8 12. Ng3 c5 (12... Bxd3 $14 13. Qxd3 Qa6 14. Qxa6 Nxa6) 13. e4 $1 $16 {[%emt 0:09:15] E49: Nimzo-Indian: Rubinstein: 5 Bd3 d5 6 a3 Bxc3+ 7 bxc3.} cxd4 14. cxd4 dxe4 15. fxe4 {[%emt 0:01:36] Bxa6 would be deadly. White is clearly better.} ({Weaker is} 15. Nxe4 Nxe4 16. Bxe4 (16. fxe4 Qc3 $15) 16... Bxf1 17. Bxa8 Be2 $11) 15... Qc3 {[%emt 0:01:29] [#]} (15... Qg4 $16 {was called for.}) 16. Bxa6 $1 $18 Nxa6 {[%emt 0:00:54] [#]} 17. e5 $2 Qxa1 $16 18. exf6 {[%emt 0:00:10][%cal Be5f6,Bf6e7][%mdl 32] [#] Hoping for Nf5.} Rad8 $146 {[%emt 0:04:24][%mdl 8192] A mistake that costs the game.} (18... Rac8 $16) ({Predecessor:} 18... g6 19. Qd2 Kh8 20. Bb2 Qa2 21. Qh6 Rg8 22. Ne4 g5 23. Nxg5 Rxg5 24. Qxg5 Rg8 {1-0 Protopopova,A (2267)-Vasilevich,T (2355) RUS-chT (Women) 2021 (6.3)}) 19. Nf5 $18 {[%emt 0:01:45][%cal Of5h6] Nh6+! would kill now.} g6 20. Ne7+ Rxe7 21. fxe7 Re8 22. Qa4 $2 $40 {[%emt 0:02:02][%mdl 128] Black is in trouble. Black is weak on the dark squares} (22. Qf3 Qxd4+ 23. Be3) 22... Nc7 $2 (22... Rxe7 {is more resistant.} 23. Qxa6 Qxd4+ 24. Kh1 Qc3) 23. Bf4 ({And not} 23. Qxa7 Qxd4+ 24. Kh1 Rxe7 $17) 23... Qc3 24. Bxc7 ({Inferior is} 24. Qxa7 Qxd4+ 25. Kh1 Qc4 $17) 24... Rxe7 {[%emt 0:00:12] Strongly threatening ...Qe3+.} 25. Be5 Qe3+ 26. Kh1 {[%emt 0:00:10] And now Qc4 would win.} Qd3 {[%emt 0:00:18][%cal Rd3f1] Prevents Qc4} 27. Rc1 {[%emt 0:01:35] White threatens Rc8+ and mate.} f6 28. Bxf6 Qc3 29. Qd1 {[%emt 0:00:59] Weighted Error Value: White=0.77/Black=0.96} (29. Rxc3 $2 Re1#) 1-0

[Event "Charlotte Spring IM-C 2023"]
[Site "Charlotte"]
[Date "2023.03.16"]
[Round "1.2"]
[White "Sriniaiyer, Sudarshan"]
[Black "Nguyen, James Le"]
[Result "1-0"]
[ECO "D23"]
[WhiteElo "2186"]
[BlackElo "2100"]
[Annotator "TA"]
[PlyCount "103"]
[EventDate "2023.03.14"]
[EventType "tourn"]
[EventCountry "USA"]
[SourceTitle "playchess.com"]
[Source "ChessBase"]
[SourceQuality "1"]
[TimeControl "5400+30"]

1. d4 d5 2. c4 c6 3. Nf3 Nf6 4. Qc2 dxc4 5. Qxc4 Bf5 6. g3 e6 7. Bg2 Be7 8. O-O O-O 9. Nc3 Nbd7 10. Re1 Ne4 {[%emt 0:04:45] 10...Bg6 is vanishing.} 11. Bf4 Rc8 {[%emt 0:08:26] D23: Queen's Gambit Accepted: 3 Nf3 Nf6 sidelines.} 12. Qb3 Qb6 13. Nh4 Bxh4 {[%emt 0:02:30] [#] White has an edge.} (13... Qxd4 $2 14. Nxe4 (14. Qxb7 Qxf2+ 15. Kh1 Bxh4 $17) 14... Bxe4 15. Red1 $18 (15. Qxb7 Bxh4 16. Rad1 Qb6 $16)) 14. gxh4 $146 ({Predecessor:} 14. Nxe4 Bxe4 15. Bxe4 Bf6 16. Qxb6 Nxb6 17. e3 Rfd8 18. g4 h6 19. Rac1 Be7 20. Bg3 {½-½ Huang,Q (2469)-Pham,L (2399) Asian Continental op (Women) 12th 2013 (3)}) 14... e5 {[%emt 0:09:17] [#] Strongly threatening ...Nxc3.} (14... Qxd4 $2 15. Be3 Qe5 16. f4 $18 (16. Qxb7 Nef6 $11)) 15. Qxb6 axb6 16. Bxe4 ({Reject} 16. dxe5 Nxc3 17. bxc3 Ra8 $11) 16... Bxe4 17. Bxe5 Nxe5 18. dxe5 (18. Nxe4 $5 Ng6 19. Nd6 $14) 18... Bf5 19. Na4 Rce8 20. e4 Bg4 21. f4 f6 22. Nxb6 fxe5 23. f5 g6 24. fxg6 hxg6 25. Rf1 Rxf1+ 26. Rxf1 $11 {[%emt 0:01:41][%mdl 4096] Endgame KRB-KRN} Rd8 27. Re1 Be6 {[%emt 0:03:36] Wards off Nc4} 28. b3 Rd2 29. Na4 Rxa2 30. Nc5 Bh3 31. Re3 Rg2+ 32. Kh1 Rc2 {[%emt 0:00:08] Dodges Rc3} 33. Rxh3 (33. Nd3 $5 Be6 34. Rg3 $11) 33... Rxc5 {[%emt 0:00:14] KR-KR} 34. Rd3 b5 ({Black should play} 34... Rb5 $1 $15) 35. Kg2 Rc2+ 36. Kf3 b4 37. Rd6 Kg7 38. Kg4 Rg2+ 39. Kh3 Rb2 40. Rxc6 Rxb3+ 41. Kg4 Re3 42. Kg5 Rxe4 43. Rxg6+ Kh7 {[%emt 0:00:26][%cal Oe4g4] ( -> ...Rg4+!)} 44. Rb6 Re2 45. Rxb4 Rxh2 46. Rb7+ Kg8 47. Kg6 Rg2+ 48. Kf5 Rh2 49. h5 Rg2 50. Kxe5 Rg5+ 51. Kf6 Rxh5 {[%emt 0:00:16][%mdl 8192] [#]} (51... Rg4 $11) 52. Kg6 {[%emt 0:00:01] Weighted Error Value: White=0.04 (flawless) /Black=0.24 (precise)} 1-0

[Event "Charlotte Spring IM-C 2023"]
[Site "Charlotte"]
[Date "2023.03.16"]
[Round "1.3"]
[White "Vanapalli, Vishnu"]
[Black "Petenyi, Tamas"]
[Result "1/2-1/2"]
[ECO "A10"]
[WhiteElo "2226"]
[BlackElo "2325"]
[Annotator "TA"]
[PlyCount "74"]
[EventDate "2023.03.14"]
[EventType "tourn"]
[EventCountry "USA"]
[SourceTitle "playchess.com"]
[Source "ChessBase"]
[SourceQuality "1"]
[TimeControl "5400+30"]

1. c4 b6 2. Nf3 Bb7 3. g3 Bxf3 4. exf3 c5 5. d4 Nc6 6. d5 {[%emt 0:00:21] A10: English Opening: Unusual Replies for Black.} Nd4 7. Be3 Nf5 8. Bf4 {[%emt 0:11:13] [#] Black is weak on the light squares. White is slightly better.} g6 $146 ({Predecessor:} 8... e6 9. Bd3 Bd6 10. Bd2 Be5 11. Nc3 Nge7 12. f4 Bd4 13. Qf3 Nd6 14. O-O O-O {0-1 Semcesen,D (2420)-Tikkanen,H (2469) SWE-ch Lund 2010 (3)}) 9. Be5 (9. g4 $16 Bh6 10. Bxh6 Nfxh6 11. Nc3) 9... Bg7 $14 10. f4 Bxe5 {[%emt 0:10:15] The position is equal.} 11. fxe5 d6 12. exd6 exd6 13. Bd3 Nd4 14. O-O Nf6 15. Re1+ Kf8 16. Nd2 Kg7 17. Nf3 Nxf3+ $1 18. Qxf3 Re8 19. Bc2 Qd7 20. Qc3 Rxe1+ 21. Rxe1 Re8 22. Rxe8 Qxe8 $11 {[%emt 0:01:07][%mdl 4096] Endgame KQB-KQN} 23. g4 {[%emt 0:00:31] [#] g5 is the strong threat.} h6 24. f4 Qe2 25. h3 {[%emt 0:00:48] And now g5 would win.} g5 26. fxg5 hxg5 27. a3 Qe7 28. Bf5 Kg8 29. Qd2 Ne8 30. h4 gxh4 {[%emt 0:08:21] Hoping for ...Ng7.} 31. Qh6 Qe1+ 32. Kg2 {[%emt 0:00:52] [#] Threatening mate with Bh7+.} h3+ 33. Kf3 {[%emt 0:00:13] Bh7+ would kill now.} (33. Kxh3 $2 Qh1+ 34. Kg3 Qxh6 $19) 33... Qf1+ 34. Kg3 {[%emt 0:00:26] White threatens Bh7+ and mate.} Qg1+ (34... Qxc4 35. Bh7+ (35. Kxh3 Qf1+ 36. Kh2 Qe2+ 37. Kh3 Qf1+ 38. Kh2 Qe2+ 39. Kh3 Qf1+ $11) 35... Kh8 36. Bg6+ (36. Qxh3 $2 Kg7 $19) 36... Kg8 37. Qh7+ Kf8 38. Qxf7#) 35. Kf3 $1 {[%emt 0:00:39] White wants to mate with Bh7+. The board is on fire.} Qf1+ 36. Kg3 {[%emt 0:00:04] Strongly threatening Bh7+.} Qg1+ (36... Qxc4 {leads to mate.} 37. Bh7+ (37. Kxh3 Qf1+ 38. Kh2 Qe2+ 39. Kh3 Qf3+ 40. Kh2 Qf2+ 41. Kh3 Qf3+ 42. Kh2 Qf2+ 43. Kh3 Qf3+ $11) 37... Kh8 38. Bg6+ {[%mdl 64] Discovered Attack} (38. Qxh3 $2 {perishes.} Kg7 $19) 38... Kg8 39. Qh7+ Kf8 40. Qxf7#) 37. Kf3 $1 {[%emt 0:05:09] Intending Bh7+ and mate.} Qf1+ {Weighted Error Value: White=0.04 (flawless) /Black=0.03 (flawless)} 1/2-1/2

[Event "Charlotte Spring IM-C 2023"]
[Site "Charlotte"]
[Date "2023.03.16"]
[Round "1.4"]
[White "Chiku-Ratte, Olivier-Kenta"]
[Black "Yu, Jiangwei"]
[Result "0-1"]
[ECO "D23"]
[WhiteElo "2301"]
[BlackElo "2167"]
[Annotator "TA"]
[PlyCount "150"]
[EventDate "2023.03.14"]
[EventType "tourn"]
[EventCountry "USA"]
[SourceTitle "playchess.com"]
[Source "ChessBase"]
[SourceQuality "1"]
[TimeControl "5400+30"]

1. d4 d5 2. c4 c6 3. Nf3 Nf6 4. Qb3 dxc4 5. Qxc4 Bf5 6. g3 e6 7. Bg2 Nbd7 {[%emt 0:00:13] 7...Be7 is more advanced technology.} 8. O-O Be7 9. Rd1 {[%emt 0:00:58] D23: Queen's Gambit Accepted: 3 Nf3 Nf6 sidelines.} O-O 10. e3 Ne4 11. Qe2 {[%emt 0:08:57] White is slightly better.} Bg4 12. h3 Bh5 {[%emt 0:00:50] [#]} 13. Nc3 $146 (13. g4 {simplifies} Bg6 14. Nfd2 Nxd2 15. Bxd2 f5 16. Be1) ({Predecessor:} 13. g4 Bg6 14. Ne1 Bh4 15. Nd3 f5 16. f4 fxg4 17. hxg4 h5 18. Nc3 Ng3 19. Qf3 hxg4 20. Qxg4 {½-½ Steiger,M (1977)-Ahlberg,M (2032) Berlin-ch Seniors op 34th 2018 (9)}) 13... Ng5 14. h4 (14. g4 {simplifies} Nxf3+ 15. Qxf3 Bg6 16. e4) 14... Nxf3+ 15. Bxf3 Bxf3 16. Qxf3 Qc7 17. e4 Nb6 18. Qe2 Rad8 19. a4 a5 20. h5 h6 21. Kg2 (21. Be3 $5) 21... Qd6 22. b3 Rfe8 23. Bf4 Qd7 24. Qg4 Kh7 25. Be5 Rg8 26. Ne2 (26. Qf3 $5 Rgf8 27. Ne2 $11 (27. Qg4 f6 $11)) 26... Bf6 27. Bf4 Qe7 (27... e5 $11 {remains equal.} 28. Qxd7 Nxd7 29. dxe5 Bxe5) 28. Be3 Qc7 29. Rac1 Nd7 30. Qf3 Rgf8 31. Nf4 Bg5 32. d5 $1 Ne5 33. Qe2 Qc8 (33... Rfe8 $142) 34. Bb6 (34. Bc5 $142) 34... Rde8 $16 35. d6 Nd7 36. Bxa5 {[%emt 0:00:18] White has more active pieces.} (36. Be3 $16) 36... e5 $11 37. Nd3 Bxc1 $15 38. Nxc1 b6 39. Bc3 Re6 40. Qc4 (40. f4 $142) 40... Rd8 $17 41. f4 b5 42. Qe2 f6 $2 (42... Qb7 $17 43. Qf3 Kg8) 43. Qg4 (43. axb5 $2 exf4 44. Qg4 (44. gxf4 $2 cxb5 45. Qf3 Rde8 $19) 44... cxb5 45. Qxe6 Qxc3 46. Qf5+ Kh8 47. Qxf4 Qc2+ 48. Qd2 Qxe4+ 49. Kf2 Qf5+ 50. Kg2 Re8 $17) (43. Ba5 $14) 43... Nf8 $11 44. fxe5 fxe5 45. Qf5+ Kh8 {[%emt 0:01:15] Black is weak on the dark squares} (45... Kg8 $1 $11 {deserves consideration.}) 46. Bxe5 $14 Rde8 $2 (46... bxa4 $11 47. bxa4 Ree8) 47. Nd3 $18 Nd7 48. Bb2 Rxd6 49. e5 $2 (49. Qg4 $1 $18 Nf6 50. Qxc8 {[%mdl 64] Deflection} Rxc8 51. e5) 49... Rd5 $11 {[%emt 0:00:31] White must now prevent ...Nc5.} 50. Qe4 $2 (50. Nf4 $1 $11 Rxd1 51. e6 Rd2+ 52. Kh3 Rxe6 53. Bxg7+ Kxg7 54. Nxe6+ Kh8 55. Qg6) 50... Qd8 (50... Nc5 $19 {is more deadly.} 51. Qf3 Red8 52. Nxc5 Rxd1) 51. Rf1 {[%emt 0:00:19] [#]} Nc5 (51... Nf8 $1 $17 52. Nf4 Rd2+ 53. Rf2 Rxf2+ 54. Kxf2 bxa4 55. bxa4 Qd2+ 56. Qe2 Qb4) 52. Nxc5 $15 Rxc5 53. Kh3 (53. Qg6 $1 $11 {and White has nothing to worry.} Rd5 54. Rf7) 53... Rd5 (53... Qc8+ $19 54. Kg2 Qe6) 54. Qg6 (54. Rf7 $17 {was called for.} Qc8+ 55. Qg4) 54... Qd7+ $19 ({Stronger than} 54... Rd2 55. Rf7 Qg5 56. Bc1 Qxg6 57. hxg6 $11) 55. Rf5 $2 (55. Qg4) 55... Qe6 $2 (55... Rdxe5 $19 {has better winning chances.} 56. Bxe5 Rxe5) 56. Qg4 (56. Qxe6 $142 Rxe6 57. Rf8+ Kh7 58. Kg4) 56... Kh7 57. Qe4 $2 (57. Rf3 $17) 57... bxa4 58. bxa4 Rb8 59. g4 $2 (59. Bc3) 59... Kg8 (59... Rxb2 $2 60. Rf6+ Kh8 61. Rxe6 $18) 60. Bc3 Rb3 61. Qf3 (61. Rf3 $142 Rc5 62. Bd4 Rxf3+ 63. Qxf3) 61... Qe7 62. Qg3 Qa3 63. Rf3 Qe7 $2 (63... Qc1 $1 $19 64. Qf4 Qxf4 65. Rxf4 Rxc3+ 66. Kh4 Rxe5) 64. a5 (64. Rf5 $1 $11 {was the only way to keep the balance.} Qa3 65. Rf3) 64... Rd1 {[%emt 0:00:36] ...Qc5 is the strong threat.} 65. a6 $2 (65. Qf2 $17) 65... Rbb1 $2 (65... Qc5 $19 {( -> ...Rh1+)} 66. Kh2 Ra3) 66. Qf4 $2 (66. Qf2 $17) 66... Rh1+ 67. Kg2 Rhg1+ $2 (67... Rbg1+ $19 68. Kf2 Rf1+ 69. Ke2 Rxf3 {[%mdl 64] Deflection} 70. Qxf3 Rh2+ 71. Kf1 Ra2) 68. Kh3 $11 Rh1+ $2 (68... c5 $11) 69. Kg2 $19 Rhg1+ $2 ({Black should play} 69... Rbg1+ $19 70. Kf2 Rf1+ 71. Ke2 Rxf3 {[%mdl 64] Deflection} 72. Qxf3 Rh2+ 73. Kf1 Ra2) 70. Kh3 $11 Rh1+ $2 $40 {[%emt 0:00:30][%mdl 8320] Black is up to no good.} (70... c5 $11) 71. Kg2 $19 Rbg1+ 72. Kf2 Qh4+ ({Don't go for} 72... Rc1 $2 73. Ke2 Rhg1 74. a7 Rg2+ 75. Rf2 Rxf2+ 76. Qxf2 Rc2+ {[%mdl 64] Skewer} 77. Bd2 $19 (77. Kd3 $2 Rxf2 78. a8=Q+ Rf8 $19)) (72... Rf1+ $142 73. Ke2 Rxf3 {[%mdl 64] Deflection} 74. Qxf3 Rh2+ 75. Kf1 Ra2) 73. Ke3 {[#] Hoping for Qf7+.} Re1+ $1 74. Bxe1 $4 (74. Kd4 $17 Qd8+ 75. Kc5 Qd5+ 76. Kb6 Qd8+ 77. Kc5) 74... Qxe1+ 75. Kd3 Qb1+ {[%emt 0:01:30] Weighted Error Value: White=0.49/Black=0.37} 0-1

[Event "Charlotte Spring IM-C 2023"]
[Site "Charlotte"]
[Date "2023.03.16"]
[Round "1.5"]
[White "Georgiev, Vladimir"]
[Black "Amburgy, Ryan"]
[Result "1-0"]
[ECO "B10"]
[WhiteElo "2404"]
[BlackElo "2242"]
[Annotator "TA"]
[PlyCount "119"]
[EventDate "2023.03.14"]
[EventType "tourn"]
[EventCountry "USA"]
[SourceTitle "playchess.com"]
[Source "ChessBase"]
[SourceQuality "1"]
[TimeControl "5400+30"]

1. e4 c6 2. Nf3 d5 3. d3 Qc7 4. Nc3 dxe4 5. dxe4 e5 6. Bc4 {[%emt 0:00:07] B10: Caro-Kann: 2 d3 and 2 c4.} b5 7. Bb3 h6 {[%emt 0:00:09] Prevents Ng5.} 8. O-O {[%emt 0:00:09] White has an edge.} Nf6 {[%emt 1:33:37] [#]} 9. a4 $146 ({Predecessor:} 9. Re1 Nbd7 10. a4 b4 11. Ne2 Bc5 12. Ng3 O-O 13. h3 Rd8 14. Nh4 Be7 15. Qf3 {1-0 Alekseenko,K (2703)-Karjakin,S (2757) Moscow Smyslov Region Group Cup blitz 2021 (9)}) 9... b4 10. Ne2 Nbd7 11. Ng3 Nc5 (11... Ba6 $5 ) 12. Bc4 Be6 (12... Ncxe4 $2 13. Nxe4 (13. Re1 Nd6 $18) 13... Nxe4 14. Qe2 $18) 13. Qe2 Be7 14. Be3 {[%emt 0:08:51] [#] Hoping for Bxc5.} Nfd7 15. Bxe6 Nxe6 16. Nf5 Bf6 17. Rfd1 O-O 18. Qd2 Rfd8 19. Qxb4 Rab8 20. Qc3 $36 {[%emt 0:01:11][%mdl 2048] Keeping Black busy.} Nf4 ({Better is} 20... c5) 21. Re1 {[%emt 0:02:29] And now Bxf4 would win.} Ne6 22. Rad1 Nb6 23. b3 h5 (23... c5 $16 {might work better.} 24. h3 Nd7) 24. Bc5 Rxd1 25. Rxd1 {[%emt 0:00:08] [#] Strongly threatening Bd6.} g6 (25... Rd8 $142 26. Bd6 Qb7) 26. Ne3 Rd8 {[%emt 0:00:00] Wards off Bd6} 27. Rxd8+ Qxd8 28. Bxb6 (28. Nxe5 Qc7 29. Bxb6 axb6 $17) 28... Qxb6 29. Nc4 (29. Nxe5 Nd4 30. a5 Qd8 $11) 29... Qd8 30. Qd3 {[%emt 0:03:47] Repels Qd1+} (30. Ncxe5 $2 Bxe5 31. Qe1 Bc7 $19) 30... Nd4 31. Nxd4 (31. Ncxe5 Nxf3+ 32. Nxf3 (32. gxf3 Qc7 $18) 32... Qxd3 33. cxd3 Bc3) 31... exd4 $18 {[%emt 0:00:00][%mdl 4096] Endgame KQB-KQN} 32. e5 Be7 33. Qe4 c5 34. Kf1 Bf8 35. e6 f5 (35... Qf6 $142 36. exf7+ Kxf7 37. Ne5+ Kg7 38. Qb7+ Kh6) 36. Qb7 {[%emt 0:02:16] Threatening mate with Qf7+.} Qf6 {[%emt 0:00:00] Prevents Qf7+.} (36... Qe7 $142 37. Qc8 Kg7) 37. Qxa7 Qxe6 38. Qb7 {[%emt 0:00:08] a5 would be deadly.} Qf6 39. Qd5+ Kh7 40. Ke2 Qg5 41. Ne5 Bg7 42. Nd3 {[%emt 0:01:27] Against Qc1} (42. Qxc5 f4 $16) 42... h4 43. a5 (43. Qxc5 Qxg2 44. Qc7 Qg4+ 45. Kf1 Qd1+ 46. Ne1 d3 47. cxd3 Qxb3 $18) 43... c4 44. bxc4 Qe7+ 45. Kf1 Qa3 46. c5 Qa1+ 47. Ke2 {[%emt 0:00:19] Threatens to win with c6.} Qxa5 48. Qc4 {[%emt 0:00:40] Repels Qa4} Bh6 49. f4 (49. Qxd4 $2 Qd2+ 50. Kf1 Qd1+ 51. Ne1 Qxd4 $19) 49... Qa8 $2 (49... Qc7 50. Qxd4 Qb7) 50. c6 {[%emt 0:00:49] c7 is the strong threat.} ({Stronger than} 50. Qxd4 Qxg2+ 51. Qf2 Qe4+ 52. Kd1 h3 $14) 50... Qe8+ 51. Kf1 {[%emt 0:01:01] Black must now prevent c7. Active counter play!} h3 52. gxh3 {[%emt 0:00:43] aiming for c7.} ({Weaker is} 52. Qxd4 hxg2+ 53. Kg1 Qxc6 $11) 52... Qe4 53. c7 Bxf4 54. Nf2 {[%emt 0:01:43] White mates.} ({And not} 54. c8=B Qh1+ 55. Ke2 Qe4+ 56. Kf1 Qh1+ 57. Ke2 Qe4+ 58. Kf1 $11) 54... Qe3 55. c8=Q Be5 56. Q4g8+ Kh6 57. Qcf8+ Kg5 58. Qe7+ Kf4 59. Qh4+ Kf3 60. Qd5+ {[%emt 0:00:06] Weighted Error Value: White=0.22 (precise) /Black=0.47} 1-0

[Event "Charlotte Spring IM-C 2023"]
[Site "Charlotte"]
[Date "2023.03.16"]
[Round "2.1"]
[White "Adamson, Robby"]
[Black "Amburgy, Ryan"]
[Result "1/2-1/2"]
[ECO "C47"]
[WhiteElo "2265"]
[BlackElo "2242"]
[Annotator "TA"]
[PlyCount "47"]
[EventDate "2023.03.14"]
[EventType "tourn"]
[EventCountry "USA"]
[SourceTitle "playchess.com"]
[Source "ChessBase"]
[SourceQuality "1"]
[TimeControl "5400+30"]

1. e4 e5 2. Nf3 Nc6 3. Nc3 Nf6 4. g3 d5 5. exd5 Nxd5 6. Bg2 Nxc3 7. bxc3 Bc5 8. O-O O-O 9. Re1 Bg4 {[%emt 0:01:37][%cal Bc8g4,Bg4h5,Bh5g6,Bg6c2,Bc2a4,Ba4b5,Bb5a6][%mdl 32] C47: Scotch Four Knights and Four Knights with 4 g3.} 10. h3 Bh5 11. g4 Bg6 {[%emt 0:00:07] White should prevent ...e4.} 12. Nxe5 Nxe5 13. d4 {[%emt 0:00:44] [#]} c6 $146 ({Predecessor:} 13... f5 14. g5 f4 15. dxc5 Qxg5 16. Qd5+ Nf7 17. Qxg5 Nxg5 18. Rb1 Rae8 19. Rxe8 Rxe8 20. Bxf4 {½-½ Howell,D (2655)-Matlakov,M (2701) Gibraltar Masters 15th 2017 (9)}) 14. dxc5 {[%emt 0:13:58] [#] Black must now prevent Qxd8.} Qxd1 15. Rxd1 {[%emt 0:00:10][%cal Be1d1,Bd1d2,Bd2d4][%mdl 32] And now f4 would win.} Bxc2 16. Rd2 Ba4 17. Rb1 Bb5 18. Rd4 Rad8 19. Bf4 f6 20. a4 Ba6 21. Rbd1 Rde8 22. Bg3 Re7 23. Kh2 (23. f4 $5 Ng6 24. Re4 $11) 23... Rfe8 24. Bf4 {[%emt 0:00:54] Weighted Error Value: White=0.07 (flawless) /Black=0.09 (flawless)} 1/2-1/2

[Event "Charlotte Spring IM-C 2023"]
[Site "Charlotte"]
[Date "2023.03.16"]
[Round "2.2"]
[White "Yu, Jiangwei"]
[Black "Georgiev, Vladimir"]
[Result "0-1"]
[ECO "E48"]
[WhiteElo "2167"]
[BlackElo "2404"]
[Annotator "TA"]
[PlyCount "70"]
[EventDate "2023.03.14"]
[EventType "tourn"]
[EventCountry "USA"]
[SourceTitle "playchess.com"]
[Source "ChessBase"]
[SourceQuality "1"]
[TimeControl "5400+30"]

1. d4 Nf6 2. c4 e6 3. Nc3 Bb4 4. e3 O-O 5. Bd3 d5 6. a3 dxc4 {[%emt 0:01:29] E48: Nimzo-Indian: Rubinstein: 5 Bd3 d5 including 6 Ne2, but excluding 6 a3.} 7. axb4 cxd3 {[%emt 0:00:05] [#]} 8. Qxd3 $146 ({Predecessor:} 8. Nf3 b6 9. O-O Bb7 10. Ne5 Nbd7 11. Nxd3 Qe7 12. b3 e5 13. Ba3 Rfd8 14. b5 {½-½ Beradze,D-Kholmov,R Moscow-ch49 1971}) 8... Nc6 {[%emt 0:00:38] The position is equal.} 9. Ra4 (9. b5 $1 $11 {remains equal.} Nb4 10. Qd2) 9... e5 10. Nge2 Qe7 11. b5 Nb4 12. Qb1 exd4 13. Nxd4 c5 14. bxc6 bxc6 {[%emt 0:00:07] Hoping for ...c5.} 15. O-O $1 c5 16. Nf3 (16. Nf5 $11 Qe5 17. e4) 16... Bb7 17. Qf5 Rfd8 18. Ra5 Nd3 $36 {[%emt 0:04:57][%mdl 2048] Black is pushing.} 19. Ra4 (19. Qg5 $15) 19... Bc6 $17 20. Ra1 Rab8 21. Rd1 {[%emt 0:01:28] [#]} Ne4 $1 {[%emt 0:12:43][%cal Bf6e4,Be4c3,Bc3e4][%mdl 32] Strongly threatening ...g6. Black is more active.} (21... Nxb2 22. Bxb2 Rxb2 23. Rxd8+ Qxd8 24. Qxc5 $14) 22. Rxd3 $2 {[%emt 0:08:18] White does not recover from this.} (22. Rf1 $17 {was forced.}) 22... Rxd3 $19 23. Ne5 {[%emt 0:00:03] [#]} g6 $1 24. Nxc6 Qd6 {[%emt 0:00:30] ( -> ...Rd1+)} 25. Qf3 {[%emt 0:01:18] Inhibits Rd1+.} (25. Qxe4 $2 Rd1+ 26. Nxd1 Qxd1#) 25... Nxc3 (25... Qxc6 $2 {is the wrong capture.} 26. Rxa7 (26. Nxe4 $2 {too greedy.} Qxe4 27. Qe2 Rbd8 $19) 26... f5 27. g3 $19) 26. g3 (26. g4 {was worth a try.} Rb6 27. Nxa7) 26... Rd1+ 27. Kg2 Qd3 28. g4 {[%emt 0:07:13] [#]} (28. Qxf7+ $142 Kxf7 29. Ne5+ Ke8 30. Nxd3) 28... Ne4 $1 29. Qf4 (29. Qxf7+ Kh8) 29... Re8 {[%emt 0:02:52] Black mates.} 30. Ne5 {[%emt 0:00:28] [#]} Rxe5 $1 31. Qxe5 Qf1+ 32. Kf3 Qxf2+ ({Stronger than} 32... Rxc1 33. Rxc1 Nd2+ 34. Kg3 Qxc1 35. Qb8+ Kg7 36. Qe5+ f6 37. Qe7+ Kg8 38. Qd8+ Kg7 39. Qe7+ Kg8 40. Qd8+ Kg7 41. Qe7+ $11) 33. Kxe4 {[%emt 0:00:04] [#]} f5+ $1 34. gxf5 (34. Qxf5 gxf5+) 34... Qg2+ 35. Kf4 Rf1# {[%emt 0:00:05] A superb game by Georgiev.   Weighted Error Value: White=0.74/Black=0.03 (flawless)} 0-1

[Event "Charlotte Spring IM-C 2023"]
[Site "Charlotte"]
[Date "2023.03.16"]
[Round "2.3"]
[White "Petenyi, Tamas"]
[Black "Chiku-Ratte, Olivier-Kenta"]
[Result "1/2-1/2"]
[WhiteElo "2325"]
[BlackElo "2301"]
[Annotator "TA"]
[PlyCount "33"]
[EventDate "2023.03.14"]
[EventType "tourn"]
[EventCountry "USA"]
[SourceTitle "playchess.com"]
[Source "ChessBase"]
[SourceQuality "1"]
[TimeControl "5400+30"]

1. Nf3 Nf6 2. g3 b6 3. Bg2 Bb7 4. O-O g6 5. b3 Bg7 6. Bb2 O-O 7. c4 c5 8. d3 {[%emt 0:00:07] 8.d4 is becoming the main line.} d6 9. Nbd2 Nbd7 {[%emt 0:00:10] A30: Symmetrical English: Double Fianchetto and Hedgehog.} 10. Qc2 {[%emt 0:00:14] [#] An uneventful encounter.} {Predecessor:} a6 $146 11. e3 b5 12. d4 cxd4 13. Bxd4 Rc8 14. Qd1 b4 15. a3 bxa3 16. Rxa3 Nc5 17. Qe2 {½-½ Cruz,N (1783)-Passos,R (1915) BRA-ch U2000 Amateurs 2022 (5)} 1/2-1/2